 Dungeon Crawl Stone Soup version 0.21-a0-380-gd65dc97 (webtiles) character file.

1234 nikopol the Poker (level 8, -6/76 HPs)
             Began as a Gargoyle Berserker on Oct 17, 2017.
             Was an Elder of Trog.
             Mangled by an orc warrior
             ... wielding a +0 battleaxe
              (15 damage)
             ... on level 5 of the Dungeon.
             The game lasted 00:14:26 (4891 turns).

nikopol the Poker (Gargoyle Berserker)              Turns: 4891, Time: 00:14:27

Health: -6/76      AC: 17    Str: 26    XL:     8   Next: 48%
Magic:  8/8        EV:  9    Int:  8    God:    Trog [****..]
Gold:   256        SH:  0    Dex:  9    Spells: 7/7 levels left

rFire    . . .     SeeInvis .   s - +0 trident
rCold    . . .     Gourm    .   (no shield)
rNeg     + . .     Faith    .   f - +0 chain mail
rPois    ∞         Spirit   .   (no helmet)
rElec    +         Reflect  .   p - +1 cloak
rCorr    +         Harm     .   (no gloves)
MR       .....                  (no boots)
Stlth    ..........             (no amulet)
HPRegen  0.22/turn              j - -2 ring of dexterity (curse)
MPRegen  0.11/turn              q - ring of resist corrosion

@: berserking (expiring), very quick
A: negative energy resistance 1, electricity resistance, unbreathing,
petrification resistance, rot immunity, AC +5
a: Berserk, Trog's Hand, Brothers in Arms, Burn Spellbooks, Renounce Religion


You were on level 5 of the Dungeon.
You worshipped Trog.
Trog was greatly pleased with you.
You were hungry.

You visited 1 branch of the dungeon, and saw 6 of its levels.
You also visited: Ossuary.

You collected 256 gold pieces.

Inventory:

Hand Weapons
 a - a +0 spear
 s - a +0 trident (weapon)
Missiles
 o - 25 arrows (quivered)
Armour
 b - a +0 animal skin
 f - a +0 chain mail (worn)
 g - a +1 cloak
 p - a +1 cloak (worn)
Jewellery
 j - a cursed -2 ring of dexterity (left hand)
 l - an uncursed ring of fire
 q - a ring of resist corrosion (right hand)
 F - an uncursed ring of ice {unknown}
Wands
 C - a wand of disintegration (17/24)
Scrolls
 e - 3 scrolls of teleportation
 h - 4 scrolls of fear
 i - a scroll of recharging
 k - 2 scrolls of fog
 m - a scroll of amnesia {unknown}
 n - 2 scrolls of remove curse {unknown}
 t - 3 scrolls of identify {unknown}
 y - a scroll of enchant weapon {unknown}
 A - a scroll of magic mapping
Potions
 r - 4 potions of curing {unknown}
 u - 3 potions of heal wounds {unknown}
 v - 2 potions of flight {unknown}
 x - a potion of degeneration {unknown}
 z - a potion of brilliance {unknown}
 B - a potion of berserk rage {unknown}
 D - a potion of lignification {unknown}
Comestibles
 c - 2 bread rations
 d - 3 meat rations
 w - 3 royal jellies
 E - 3 chunks of flesh


   Skills:
 + Level 5.7 Fighting
 + Level 7.7 Polearms
 + Level 4.3 Armour
 + Level 2.2 Dodging
 + Level 0.8 Stealth


You had 7 spell levels left.
You didn't know any spells.

Dungeon Overview and Level Annotations

Branches:
Dungeon (6/15)
 Temple: D:4-7

Altars:
Fedhas
Nemelex Xobeh
Trog
Uskayaw

Shops:
D:4 (


Innate Abilities, Weirdness & Mutations

You are resistant to torment.
Your stone body is resilient. (AC +5)
You are immune to poison.
You resist negative energy. (rN+)
You are resistant to electric shocks. (rElec)
You can survive without breathing.
You are immune to petrification.
You are immune to rotting.


Message History

You hit the orc warrior but do no damage.
You completely miss the orc warrior. You closely miss the orc warrior.
The orc warrior hits you with a battleaxe!
* * * LOW HITPOINT WARNING * * *
You closely miss the orc warrior. You puncture the orc warrior!
The orc warrior is moderately wounded.
The orc warrior hits you but does no damage.
You barely miss the orc warrior.
The orc warrior is moderately wounded.
You hit the orc warrior but do no damage.
The orc warrior is moderately wounded.
The orc warrior barely misses you.
You barely miss the orc warrior.
The orc warrior is moderately wounded.
You barely miss the orc warrior.
The orc warrior is moderately wounded.
The orc warrior hits you with a battleaxe!
You die...

##........##
#..........#
##...........
#............ ####
##............ ##..###
#.............
#.....#####.............
##.......###...........#
####..@o..>#.........##
#####..........####.
####............
###.........#
###.......# ####...##
#...## ###...#. ###
######.......


You could see an orc warrior.

Vanquished Creatures
  Prince Ribbit (D:5)
  Menkaure (D:4)
  The ghost of Kavrick the Magician, an amateur DEFE (D:4)
  A necrophage (D:5)
  An ogre (D:5)
  A scorpion (D:4)
  A howler monkey (D:5)
  A crimson imp (D:5)
  3 hounds
  6 orc wizards
  2 worker ants (D:5)
  3 mummies (Ossuary)
  A worker ant zombie (D:5)
  3 adders
  A shadow imp (D:5)
  An ooze (D:1)
  An adder skeleton (D:5)
  2 worms
  3 dart slugs
  4 leopard geckos
  21 orcs
  A ball python (D:5)
  7 giant cockroaches
  4 gnoll zombies (Ossuary)
  4 hobgoblins
  6 jackals (D:1)
  4 quokkas
  11 bats
  A frilled lizard (D:1)
  6 gnoll skeletons (Ossuary)
  9 goblins
  2 goblin skeletons (Ossuary)
  3 goblin zombies (Ossuary)
  2 hobgoblin skeletons (Ossuary)
  2 hobgoblin zombies
  14 kobolds
  A kobold skeleton (Ossuary)
  4 kobold zombies
  An orc skeleton (Ossuary)
  9 rats
  2 rat zombies (Ossuary)
152 creatures vanquished.

Vanquished Creatures (others)
  A mummy (Ossuary)
  4 gnoll zombies (Ossuary)
  3 gnoll skeletons (Ossuary)
  A goblin skeleton (Ossuary)
  2 goblin zombies (Ossuary)
  4 hobgoblin skeletons (Ossuary)
  A hobgoblin zombie (Ossuary)
  2 kobold skeletons (Ossuary)
  An orc skeleton (Ossuary)
  2 orc zombies (Ossuary)
  2 rat skeletons (Ossuary)
  3 rat zombies (Ossuary)
26 creatures vanquished.

Grand Total: 178 creatures vanquished

Notes
Turn   | Place    | Note
-------+----------+-------------------------------------------
     0 | D:1      | nikopol the Gargoyle Berserker began the quest for the Orb.
     0 | D:1      | Reached XP level 1. HP: 14/14 MP: 1/1
   139 | D:1      | Reached XP level 2. HP: 19/19 MP: 2/2
   157 | D:1      | Reached skill level 3 in Polearms
   338 | D:1      | Found a sparkling altar of Nemelex Xobeh.
   365 | D:1      | Reached XP level 3. HP: 17/24 MP: 3/3
   612 | D:1      | Reached ** piety under Trog
  1085 | D:2      | Found a bloodstained altar of Trog.
  1105 | D:2      | Reached XP level 4. HP: 23/29 MP: 4/4
  1990 | D:3      | Reached skill level 4 in Polearms
  2036 | D:3      | Reached XP level 5. HP: 23/33 MP: 5/5
  2322 | D:3      | Found a hide-covered altar of Uskayaw.
  2323 | D:3      | Found a bloodstained altar of Trog.
  2571 | D:3      | Reached *** piety under Trog
  2617 | D:4      | Noticed Kavrick's ghost (amateur DEFE)
  2625 | D:4      | Killed Kavrick's ghost
  2625 | D:4      | Reached skill level 5 in Polearms
  2625 | D:4      | Reached XP level 6. HP: 39/39 MP: 6/6
  2914 | D:4      | Found a blossoming altar of Fedhas.
  3130 | D:4      | Noticed Menkaure
  3146 | D:4      | Killed Menkaure
  3146 | D:4      | Reached XP level 7. HP: 32/44 MP: 7/7
  3295 | D:4      | Found Icsog's Antique Weapon Shoppe.
  3357 | D:5      | Entered Level 5 of the Dungeon
  3440 | D:5      | Reached skill level 6 in Polearms
  3457 | D:5      | Found a sand-covered staircase.
  3464 | Ossuary  | Entered an ossuary
  3726 | Ossuary  | Reached **** piety under Trog
  3780 | Ossuary  | Reached skill level 5 in Fighting
  4313 | D:5      | Reached XP level 8. HP: 50/50 MP: 8/8
  4389 | D:5      | Noticed Prince Ribbit
  4399 | D:5      | Killed Prince Ribbit
  4399 | D:5      | Reached skill level 7 in Polearms
  4891 | D:5      | Mangled by an orc warrior

Vault maps used:
D:1:      dpeg_arrival_refuge, nemelex_xobeh_ov_fountains_minmay
D:2:      minmay_kobold_bridge, minivault_14, trog_butcher_becter
D:3:      gammafunk_temple_overflow_statue
D:4:      lemuel_round_altar, serial_shops, shop, first_bread, uniq_menkaure
D:5:      enter_ossuary_3, uniq_prince_ribbit1
D:6:      minmay_temple_entry_nine_rooms, bh_walls_and_bars
Ossuary:  ossuary_due_pyramid

Skill      XL: |  1  2  3  4  5  6  7  8 |
---------------+-------------------------+-----
Polearms       | 3 4 5 6 7 |  7.7
Fighting       | 4 5 |  5.7
Armour         | 3 4 |  4.3
Dodging        | 2 |  2.2
Stealth        | |  0.8

Action                   |  1- 3 |  4- 6 |  7- 9 || total
-------------------------+-------+-------+-------++-------
Melee: Spear             |   142 |   175 |       ||   317
       Trident           |       |   112 |   250 ||   362
Invok: Berserk           |       |     2 |     4 ||     6
  Use: Scroll            |       |       |     5 ||     5
 Stab: Distracted        |       |     1 |       ||     1
  Eat: Chunk             |     1 |     7 |     9 ||    17
       Royal jelly       |       |       |     1 ||     1
Armor: Chain mail        |    98 |   130 |   113 ||   341
Dodge: Dodged            |    62 |    81 |    67 ||   210

Table legend:
 A = Spawn XP
 B = Non-spawn XP
 C = Spawn XP percentage of total XP
 D = Spawn monster count
 E = Non-spawn monster count
 F = Spawn count percentage of total count
 G = Total turns spent on level
                    A         B        C        D         E        F      G
               +---------+---------+-------+---------+---------+-------+---------
         Total |       0 |    1764 |   0.0 |       0 |     150 |   0.0 |  4891
               +---------+---------+-------+---------+---------+-------+---------
           D:1 |       0 |      68 |   0.0 |       0 |      36 |   0.0 |  1041
           D:2 |       0 |      54 |   0.0 |       0 |      24 |   0.0 |   843
           D:3 |       0 |     166 |   0.0 |       0 |      30 |   0.0 |   705
           D:4 |       0 |     442 |   0.0 |       0 |       7 |   0.0 |   768
           D:5 |       0 |     980 |   0.0 |       0 |      27 |   0.0 |  1103
       Ossuary |       0 |      54 |   0.0 |       0 |      26 |   0.0 |   422
               +---------+---------+-------+---------+---------+-------+---------
